 Dungeon Crawl Stone Soup version 0.30-b1-2-g02819fbbbe (webtiles) character file.

Game seed: 10229624485881699550

105 Borgoz the Sneak (level 5, -2/29 HPs)
             Began as a Kobold Enchanter on June 25, 2023.
             Slain by a sleepcap (21 damage)
             ... on level 4 of the Dungeon.
             The game lasted 00:03:37 (3195 turns).

Borgoz the Sneak (Kobold Enchanter)                 Turns: 3195, Time: 00:03:38

Health: -2/29      AC:  2    Str:  7    XL:     5   Next: 8%
Magic:  8/9        EV:  3    Int: 17    God:
Gold:   280        SH:  0    Dex: 15    Spells: 4/9 levels left

rFire   . . .        o - +0 rapier
rCold   . . .        (no shield)
rNeg    . . .        b - +0 robe
rPois   .            (no helmet)
rElec   .            (no cloak)
rCorr   .            (no gloves)
SInv    .            (no boots)
Will    .....        f - amulet of the acrobat
Stlth   ++++         (no ring)
HPRegen 0.24/turn    (no ring)
MPRegen 0.11/turn

%: acrobat
@: sleeping
A: small, no large weapons, nightstalker 3
a: no special abilities


You were on level 4 of the Dungeon.
You visited 1 branch of the dungeon, and saw 4 of its levels.

You collected 280 gold pieces.

Inventory:

Hand Weapons
 a - a +1 dagger
 o - a +0 rapier (weapon)
Missiles
 r - 3 poisoned darts (quivered)
Armour
 b - a +0 robe (worn)
 p - a +1 cloak
Jewellery
 f - an amulet of the acrobat (around neck)
 q - a ring of magical power
 t - a ring of flight
 w - a +4 ring of protection
Wands
 u - a wand of flame (14)
Scrolls
 d - 2 scrolls of noise {unknown}
 e - 2 scrolls of teleportation {unknown}
 g - a scroll of identify {unknown}
 i - a scroll of poison {unknown}
 j - 2 scrolls of butterflies {unknown}
 s - a scroll of fog {unknown}
 v - a scroll of amnesia {unknown}
Potions
 c - a potion of invisibility
 h - 2 potions of ambrosia {unknown}
 k - a potion of lignification {unknown}
 l - a potion of cancellation {unknown}
 m - 2 potions of mutation {unknown}
 n - 3 potions of heal wounds {unknown}


   Skills:
 + Level 1.5 Fighting
 * Level 3.2 Short Blades
 + Level 3.1 Dodging
 + Level 4.6 Stealth
 + Level 2.7 Spellcasting
 + Level 3.4 Hexes


You had 4 spell levels left.
You knew the following spells:

 Your Spells              Type           Power      Damage    Failure   Level
a - Confusing Touch       Hex            13%        N/A       13%         3
b - Ensorcelled Hibernat  Hex/Ice        16%        N/A       14%         2

Your spell library contained the following spells:

 Spells                   Type           Power      Damage    Failure   Level
 Tukima's Dance           Hex            13%        N/A       13%         3
 Dazzling Flash           Conj/Hex       16%        N/A       26%         3


Dungeon Overview and Level Annotations

Branches:
Dungeon (4/15)
 Temple: D:4-7

Altars:
Gozag
Hepliaklqana
Zin

Shops:
D:1 (   D:2 [   D:3 *


Innate Abilities, Weirdness & Mutations

You are small and have problems with some larger weapons.
You are completely attuned to the shadows.


Message History

You hit the sleepcap but do no damage.
The sleepcap is lightly damaged.
The sleepcap misses you.
You hit the sleepcap but do no damage.
The sleepcap appears confused.
The sleepcap is lightly damaged.
The sleepcap misses you.
You hit the sleepcap.
The sleepcap is lightly damaged.
The sleepcap closely misses you.
You hit the sleepcap but do no damage.
The sleepcap is lightly damaged.
The sleepcap releases spores at you.
You strike the helpless sleepcap from behind!
You hit the sleepcap.
The sleepcap is moderately damaged.
The sleepcap releases spores at you.
You are engulfed in a cloud of soporific spores!
You fall asleep.
You wake up.
The sleepcap seems less confused.
The sleepcap closely misses you.
You hit the sleepcap.
The sleepcap is heavily damaged.
The sleepcap barely misses you.
You hit the sleepcap but do no damage.
The sleepcap is heavily damaged.
The sleepcap releases spores at you!
You hit the sleepcap but do no damage.
The sleepcap is heavily damaged.
The sleepcap misses you.
You hit the sleepcap.
The sleepcap is severely damaged.
The sleepcap barely misses you.
You hit the sleepcap.
The sleepcap is severely damaged.
The sleepcap releases spores at you.
You are engulfed in a cloud of soporific spores!
You fall asleep.
The sleepcap releases spores at you!!
Ouch! That really hurt!
You die...

....## .....##. ........
....... ##...## #.#
#...# ##.# ##.## #..####
#.# ##.f...# #.##
#..@.... #..# ##.....#.
#..####. #....###
#........ #....#
##.......# ##...#####
##....#...####.....#..
.....#...##..##.........
.........##..##.........
##..##..##....##........


You could see a sleepcap.

Vanquished Creatures
  4 adders (D:2)
  A worm (D:4)
  2 dart slugs
  An orc (D:3)
  3 endoplasms
  2 giant cockroaches
  8 hobgoblins
  11 kobolds
  3 quokkas (D:2)
  6 ball pythons
  6 bats
  2 frilled lizards
  3 goblins
  6 rats
58 creatures vanquished.

Notes
Turn   | Place    | Note
-------+----------+-------------------------------------------
     0 | D:1      | Borgoz the Kobold Enchanter began the quest for the Orb.
     0 | D:1      | Reached XP level 1. HP: 10/10 MP: 3/3
   155 | D:1      | Found a faded altar of an unknown god.
   333 | D:1      | Reached XP level 2. HP: 15/15 MP: 5/5
   637 | D:1      | Reached XP level 3. HP: 20/20 MP: 6/6
   771 | D:1      | Found Junih's Antique Weapon Shop.
  1038 | D:2      | Found Ohuh's Armour Shop.
  1191 | D:2      | Reached skill level 1 in Fighting
  1191 | D:2      | Reached XP level 4. HP: 25/25 MP: 7/7
  1195 | D:2      | Learned a level 3 spell: Confusing Touch
  1198 | D:2      | Learned a level 2 spell: Ensorcelled Hibernation
  2094 | D:3      | Found an opulent altar of Gozag.
  2104 | D:3      | Found Gozag's Platinum Reserve.
  2221 | D:3      | Found a glowing silver altar of Zin.
  2224 | D:3      | Found a hazy altar of Hepliaklqana.
  2926 | D:4      | Reached XP level 5. HP: 29/29 MP: 9/9
  3195 | D:4      | Slain by a sleepcap

Illustrated notes

Levels and vault maps discovered:
D:1:      lemuel_arrival_tunnels, layout_basic, serial_shops,
          nicolae_shop_peninsula, ebering_ecumenical_altar_box,
          chequers_serial_rivers_micro_b
D:2:      layout_loops_ring, serial_shops, nicolae_shop_hallway_stairs
D:3:      layout_loops_ring, jmf_multi_god_temple,
          nicolae_gozag_zags_fifth_avenue
D:4:      layout_layer_cave, temple_doors_e, hangedman_decor_clover_reticule,
          minmay_misc_feat_x, minmay_misc_feat_nine_boxes, uniq_grinder

Skill      XL: |  1  2  3  4 |
---------------+-------------+-----
Short Blades   | 2 3 |  3.2
Fighting       | 1 |  1.5
Dodging        | 3 |  3.1
Stealth        | |  4.6
Spellcasting   | |  2.7
Hexes          | |  3.4

Action                     |  1- 3 |  4- 6 || total
---------------------------+-------+-------++-------
  Melee: Dagger            |    59 |    66 ||   125
         Rapier            |       |    48 ||    48
         Punch             |       |     2 ||     2
   Cast: Ensorcelled Hiber |       |     3 ||     3
         Confusing Touch   |       |     1 ||     1
    Use: Potion            |     2 |       ||     2
   Stab: Sleeping          |    16 |    15 ||    31
         Invisible         |     2 |       ||     2
         Distracted        |       |     2 ||     2
         Confused          |       |     1 ||     1
 Armour: Robe              |     5 |     9 ||    14
  Dodge: Dodged            |    40 |    69 ||   109
